 Dungeon Sprint DCSS version 0.29.1-1-gd02db6906a (webtiles) character file.

Game seed: 738075321121664420

18 Arandomuser85 the Skirmisher (level 2, 0/27 HPs)
             Began as a Gnoll Hunter on Sept 28, 2022.
             Slain by a jumping spider (1 damage)
             ... in the Dungeon (Sprint V: "Ziggurat Sprint").
             The game lasted 00:02:57 (205 turns).

Arandomuser85 the Skirmisher (Gnoll Hunter)          Turns: 205, Time: 00:02:58

Health: 0/27       AC:  3    Str: 10    XL:     2   Next: 66%
Magic:  5/5        EV: 16    Int:  8    God:
Gold:   0          SH:  0    Dex: 27    Spells: 6/6 levels left

rFire   . . .      SeeInvis .   C - +5 triple crossbow
rCold   . . .      Faith    .   (shield currently unavailable)
rNeg    . . .      Spirit   .   c - +0 leather armour
rPois   .          Reflect  .   (no helmet)
rElec   .          Harm     .   (no cloak)
rCorr   .          Rampage  .   (no gloves)
Will    .....      NoTele   +   (no boots)
Stlth   +++.......              (no amulet)
HPRegen 0.09/turn               t - +6 ring of dexterity
MPRegen 0.09/turn               u - +6 ring of dexterity

@: no status effects
A: fangs 1, strong nose, distributed training
a: no special abilities


You were in the Dungeon.
You visited 1 branch

Inventory:

Hand Weapons
 a - a +0 shortbow
 B - a +5 arbalest
 C - a +5 triple crossbow (weapon)
Armour
 c - a +0 leather armour (worn)
Jewellery
 s - a ring of flight
 t - a +6 ring of dexterity (left hand)
 u - a +6 ring of dexterity (right hand)
 v - a +6 ring of intelligence
 w - a +6 ring of intelligence
 x - a +6 ring of strength
 y - a +6 ring of strength
Wands
 z - a wand of mindburst (7)
 A - a wand of acid (7)
Scrolls
 i - 3 scrolls of blinking
 o - 4 scrolls of amnesia
 p - 7 scrolls of butterflies
 q - 5 scrolls of identify
 r - 2 scrolls of fear
Potions
 d - 10 potions of curing
 e - 9 potions of heal wounds
 f - 6 potions of haste
 g - 7 potions of magic
 h - 3 potions of berserk rage
 j - 2 potions of brilliance
 k - 2 potions of invisibility
 l - 4 potions of resistance
 n - 5 potions of might


   Skills:
 + Level 5.3 Fighting
 + Level 2.6 Short Blades
 + Level 2.6 Long Blades
 + Level 2.6 Axes
 + Level 2.6 Maces & Flails
 + Level 2.6 Polearms
 + Level 2.6 Staves
 + Level 9.0 Ranged Weapons
 + Level 2.6 Throwing
 + Level 2.6 Armour
 + Level 5.3 Dodging
 + Level 3.5 Stealth
 + Level 2.6 Shields
 + Level 2.6 Unarmed Combat
 + Level 2.6 Spellcasting
 + Level 2.1 Conjurations
 + Level 2.1 Hexes
 + Level 2.1 Summonings
 + Level 2.1 Necromancy
 + Level 2.1 Translocations
 + Level 2.1 Transmutations
 + Level 2.1 Fire Magic
 + Level 2.1 Ice Magic
 + Level 2.1 Air Magic
 + Level 2.1 Earth Magic
 + Level 2.1 Poison Magic
 + Level 2.9 Invocations
 + Level 2.6 Evocations


You had 6 spell levels left.
You didn't know any spells.
Your spell library was empty.

Dungeon Overview and Level Annotations

Branches:
Dungeon (1/1)

Altars:
Ashenzari
Cheibriados
Dithmenos
Elyvilon
Fedhas
Gozag
Hepliaklqana
Kikubaaqudgha
Makhleb
Nemelex Xobeh
Okawaru
Qazlal
Ru
Sif Muna
Trog
Uskayaw
Vehumet
Wu Jian
Xom
Yredelemnul
Zin
The Shining One
Jiyva
Lugonu

Annotations:
D 1 transporter


Innate Abilities, Weirdness & Mutations

You have very sharp teeth.
Your uncanny sense of smell can sniff out nearby items.
Your experience applies equally to all skills.


Message History

Press: ? - help, Q - select action, (/) - cycle Dir - move target, p - jumping spider
As you read the scroll of blinking, it crumbles to dust.
You feel much better.
The jumping spider leaps!
Fire: C) +5 triple crossbow
Press: ? - help, Q - select action, (/) - cycle Shift-Dir - straight line, f - jumping spider
Aim: a jumping spider (moderately wounded, 66% to hit)
You shoot a bolt.
The bolt closely misses the jumping spider.
The jumping spider's many legs skitter faintly.
The bolt hits the jumping spider but does no damage.
The jumping spider pounces on you!
Ouch! That really hurt!
The jumping spider closely misses you. The jumping spider misses you.
The jumping spider bites you but does no damage.
The jumping spider barely misses you. The jumping spider closely misses you.
Do you really want to go berserk while wielding your +5 triple crossbow?
Okay, then.
Okay, then.
Read: scroll of immolation
Press: ? - help, Q - select action, (/) - cycle Dir - look around, f - activate You can't see that place.
As you read the scroll of immolation, it crumbles to dust.
The creatures around you are filled with an inner flame!
The jumping spider closely misses you. The jumping spider misses you.
The jumping spider closely misses you. x2; The jumping spider pounces on you!
* * * LOW HITPOINT WARNING * * *
The jumping spider bites you.
* * * LOW HITPOINT WARNING * * *
Fire: C) +5 triple crossbow
Press: ? - help, Q - select action, (/) - cycle Shift-Dir - straight line, f - jumping spider
Aim: a jumping spider (inner flame, 66% to hit)
You shoot a bolt. The bolt hits the jumping spider!!
Flame seeps out of the jumping spider.
The jumping spider is severely wounded.
The jumping spider barely misses you. x2
The jumping spider is engulfed in blazing flames.
Flame seeps out of the jumping spider.
The jumping spider pounces on you.
* * * LOW HITPOINT WARNING * * *
The jumping spider bites you.
You die...

▓▓▓▓▓▓▓▓▓▓▓▓▓
▓.8©8@▓.8©8.▓
∆∆∆
▓.))ss▓.....▓
∆
▓...s.▓.|.}.▓
▓.....▓.....▓
▓.....▓.....▓
▓.....▓..©..▓
▓..©..▓▓▓▓▓▓▓
▓▓▓▓▓▓▓


You could see 3 jumping spiders.

Vanquished Creatures
  An adder (D)
  A ball python (D)
2 creatures vanquished.

Notes
Turn   | Place    | Note
-------+----------+-------------------------------------------
     0 | D        | Arandomuser85 the Gnoll Hunter began the quest for the Orb.
     0 | D        | Reached XP level 1. HP: 20/20 MP: 1/1
     0 | D        | Found a shimmering blue altar of Sif Muna.
     0 | D        | Found a bloodstained altar of Trog.
     0 | D        | Found a sacrificial altar of Ru.
     0 | D        | Found a stormy altar of Qazlal.
     0 | D        | Found an iron altar of Okawaru.
     1 | D        | Found a sparkling altar of Nemelex Xobeh.
     1 | D        | Found a blossoming altar of Fedhas.
     1 | D        | Found the +6 Majin-Bo {vamp, MP+6 Int+6}
     1 | D        | Found the +9 heavy crossbow "Sniper" {vorpal, Acc+∞ SInv}
     1 | D        | Found the +10 dark maul {vorpal}
     1 | D        | Found the +15 Maxwell's patent armour {-Cast -Tele rElec
                  | Will+ rCorr}
     1 | D        | Found the +18 shield of the Gong {rElec rN+ Will+ EV-5}
     1 | D        | Found the +14 obsidian axe {vorpal, Mesm Drain Fly SInv}
     1 | D        | Found the +7 great mace "Firestarter" {inner flame, rF++}
     1 | D        | Found the +6 shillelagh "Devastator" {shatter}
     1 | D        | Found the +11 plutonium sword {Contam Stlth-}
     1 | D        | Found the +8 lance "Wyrmbane" {slay drac, rPois rF+ rC+
                  | AC+3}
     1 | D        | Found the +9 sword of Zonguldrok {reap}
     1 | D        | Found the +13 scythe of Curses {drain, Drain}
     1 | D        | Found the +5 sword of Power {vorpal}
     1 | D        | Found the +7 mace of Variability {chain chaos}
     1 | D        | Found the +7 Singing Sword {vorpal, sonic wave}
     1 | D        | Found the +8 storm bow {elec, penet}
     3 | D        | Found a transporter.
     3 | D        | Found an ancient bone altar of Kikubaaqudgha.
     3 | D        | Found a viscous altar of Jiyva.
     3 | D        | Found a corrupted altar of Lugonu.
     3 | D        | Found a hazy altar of Hepliaklqana.
     3 | D        | Found a burning altar of Makhleb.
     3 | D        | Found an opulent altar of Gozag.
   109 | D        | Reached skill level 5 in Fighting
   109 | D        | Reached skill level 5 in Dodging
   109 | D        | Reached XP level 2. HP: 27/27 MP: 1/5
   171 | D        | Entered arena 2.
   171 | D        | Found a transporter.
   174 | D        | Reached skill level 9 in Ranged Weapons
   198 | D        | Entered arena 3.
   198 | D        | Noticed a jumping spider
   198 | D        | Noticed a jumping spider
   198 | D        | Noticed a jumping spider
   198 | D        | Found a transporter.
   205 | D        | HP: 1/27 [jumping spider (1)]
   205 | D        | Slain by a jumping spider

Illustrated notes

Levels and vault maps discovered:
D:        sprint_v [room_start, room_1, room_2, room_3, room_4, room_5, room_6,
          room_7, room_8, room_9, room_10, room_11, room_12, room_13, room_14,
          room_15, room_16, room_17, room_18, room_19, room_20, room_21,
          room_22, room_23, room_24, room_25, room_26, room_27]

Skill      XL: |  1  2 |
---------------+-------+-----
Fighting       | 5 |  5.3
Short Blades   | 2 |  2.6
Long Blades    | 2 |  2.6
Axes           | 2 |  2.6
Maces & Flails | 2 |  2.6
Polearms       | 2 |  2.6
Staves         | 2 |  2.6
Throwing       | 2 |  2.6
Armour         | 2 |  2.6
Dodging        | 5 |  5.3
Stealth        | 3 |  3.5
Shields        | 2 |  2.6
Unarmed Combat | 2 |  2.6
Spellcasting   | 2 |  2.6
Conjurations   | 2 |  2.1
Hexes          | 2 |  2.1
Summonings     | 2 |  2.1
Necromancy     | 2 |  2.1
Translocations | 2 |  2.1
Transmutations | 2 |  2.1
Fire Magic     | 2 |  2.1
Ice Magic      | 2 |  2.1
Air Magic      | 2 |  2.1
Earth Magic    | 2 |  2.1
Poison Magic   | 2 |  2.1
Invocations    | 2 |  2.9
Evocations     | 2 |  2.6
Ranged Weapons | 9 |  9.0

Action                   || total
-------------------------++-------
 Fire: Triple crossbow   ||     6
  Use: Potion            ||     2
       Scroll            ||     2
Armor: Leather armour    ||     1
Dodge: Dodged            ||    13
